 Dungeon Crawl Stone Soup version 0.27.1-1-g398f81649c (webtiles) character file.

Game seed: 10337682584119388616

39686 speeev33 the Warrior (level 13, -4/132 HPs)
             Began as a Minotaur Berserker on Sept 5, 2021.
             Was a High Priest of Trog.
             Slain by a fire crab (12 damage)
             ... on level 6 of the Lair of Beasts.
             The game lasted 00:26:53 (14704 turns).

speeev33 the Warrior (Minotaur Berserker)          Turns: 14704, Time: 00:26:53

Health: -4/132     AC: 22    Str: 32    XL:     13   Next: 70%
Magic:  12/12      EV: 14    Int:  4    God:    Trog [*****.]
Gold:   1061       SH: 19    Dex: 14    Spells: 12/12 levels left

rFire    . . .     SeeInvis .   x - +5 trident (flame)
rCold    . . .     Faith    .   M - +0 kite shield
rNeg     . . .     Spirit   .   g - +0 plate armour
rPois    .         Reflect  +   E - +2 hat {Stlth+}
rElec    .         Harm     .   O - +1 cloak {Stlth+}
rCorr    .         Rampage  .   P - +1 pair of gloves {Dex+3}
Will     .....                  l - +0 pair of boots
Stlth    ..........             F - amulet of reflection
HPRegen  0.32/turn              c - +4 ring of evasion
MPRegen  0.13/turn              s - +6 ring of strength

@: no status effects
A: horns 2, retaliatory headbutt
a: Renounce Religion, Berserk, Trog's Hand, Brothers in Arms


You were on level 6 of the Lair of Beasts.
You worshipped Trog.
Trog was extremely pleased with you.
You visited 2 branches of the dungeon, and saw 17 of its levels.

You collected 1061 gold pieces.

Inventory:

Hand Weapons
 x - a +5 trident of flaming (weapon)
Missiles
 J - a throwing net (quivered)
Armour
 g - a +0 plate armour (worn)
 l - a +0 pair of boots (worn)
 E - a +2 hat of stealth (worn)
 M - a +0 kite shield (worn)
 O - a +1 cloak of stealth (worn)
 P - a +1 pair of gloves of dexterity (worn)
Jewellery
 c - a +4 ring of evasion (left hand)
 s - a +6 ring of strength (right hand)
 F - an amulet of reflection (around neck)
 L - a ring of protection from fire
Wands
 a - a wand of iceblast (27)
 b - a wand of acid (14)
 k - a wand of flame (68)
 u - a wand of polymorph (7)
 y - a wand of mindburst (6)
 I - a wand of paralysis (15)
 S - a wand of charming (9)
Scrolls
 d - 2 scrolls of magic mapping
 o - a scroll of holy word
 r - 2 scrolls of torment
 t - 3 scrolls of enchant weapon
 v - 3 scrolls of teleportation
 A - 2 scrolls of fog
 N - a scroll of blinking
 Q - a scroll of summoning
Potions
 e - 3 potions of ambrosia
 f - 2 potions of flight
 h - 3 potions of attraction
 j - 2 potions of heal wounds
 m - 2 potions of lignification {unknown}
 n - 3 potions of haste
 p - 3 potions of curing
 q - 3 potions of brilliance
 w - a potion of might
 z - a potion of magic
 C - a potion of berserk rage
 G - 2 potions of invisibility
 H - 2 potions of resistance
 K - a potion of cancellation {unknown}
Miscellaneous
 i - a phial of floods
 B - a phial of floods
 D - a piece from Xom's chessboard (15/15)


   Skills:
 + Level 17.3 Fighting
 - Level 14.0 Polearms
 - Level 10.0 Armour
 - Level 5.2 Dodging
 + Level 13.1 Shields


You had 12 spell levels left.
You didn't know any spells.
Your spell library was empty.

Dungeon Overview and Level Annotations

Branches:
Dungeon (11/15)            Temple (0/1) D:4            Lair (6/6) D:8
  Swamp (0/4) Lair:4        Snake (0/4) Lair:4        Slime (0/5) Lair:5
    Orc (0/2) D:11

Altars:
Ashenzari
Cheibriados
Fedhas
Okawaru
Ru
Sif Muna
Trog
Uskayaw
Wu Jian
Yredelemnul
Zin
The Shining One

Shops:
D:4 *   D:11 !

Portals:
Abyss: D:9

Annotations:
D:9 2 transporters, scisormetimb3rs's ghost, novice MiFi
Lair:1 2 transporters, TheBeaver's ghost, journeyman DrMo


Innate Abilities, Weirdness & Mutations

You have a pair of horns on your head.
You reflexively headbutt those who attack you in melee.


Message History

The seven-headed hydra bites you but does no damage.
The seven-headed hydra barely misses you.
The seven-headed hydra bites you but does no damage.
You block the seven-headed hydra's attack.
The seven-headed hydra bites you but does no damage. x2
You closely miss the fire crab. You headbutt the fire crab!
The fire crab is heavily wounded.
You are engulfed in blazing flames.
You block the fire crab's attack.
The fire crab claws you but does no damage.
You hit the fire crab but do no damage.
You headbutt the fire crab, but do no damage.
The fire crab is heavily wounded.
The seven-headed hydra barely misses you.
You furiously retaliate!
You headbutt the seven-headed hydra.
The seven-headed hydra bites you but does no damage.
The seven-headed hydra closely misses you.
The seven-headed hydra barely misses you.
You block the seven-headed hydra's attack.
The seven-headed hydra bites you but does no damage. x2
You hit the fire crab. Your headbutt misses the fire crab.
The fire crab is severely wounded.
You block the fire crab's attack. The fire crab barely misses you.
You block the seven-headed hydra's attack.
The seven-headed hydra bites you!
The seven-headed hydra bites you but does no damage.
The seven-headed hydra barely misses you.
The seven-headed hydra closely misses you.
The seven-headed hydra bites you. The seven-headed hydra bites you!
* * * LOW HITPOINT WARNING * * *
You barely miss the fire crab.
You headbutt the fire crab, but do no damage.
The fire crab is severely wounded.
The fire crab bites you.
* * * LOW HITPOINT WARNING * * *
You are engulfed in flames!
* * * LOW HITPOINT WARNING * * *
The fire crab claws you!
* * * LOW HITPOINT WARNING * * *
You are engulfed in flames!
You die...

# ##...♣♣♣ ♣.♣♣
#.#..#...♣♣ ♣♣.♣
...........♣♣♣♣♣♣♣.♣♣
...............♣♣...♣
##..##.....P#.....♣♣
#.........###.#...(#
##........# ##.#####
#.#.....## ###
#...#.D@.# ...##..t.#
.... #..### #.. ##..
## #.. #. .. ..


You could see a seven-headed hydra and a fire crab.

Vanquished Creatures
  The ghost of Vig Uhad the Martial Artist, a journeyman OpTm of Cheibriados (Lair:5)
  A fire dragon (Lair:1)
  Fannar (D:11)
  Harold (D:11)
  A boulder beetle (Lair:2)
  A two-headed ogre (D:9)
  6 death yaks (Lair:4)
  A lindwurm (Lair:5)
  A wolf spider (Lair:5)
  A deep elf pyromancer (D:8)
  2 black mambas
  12 cane toads
  A torpor snail (Lair:6)
  2 gargoyles
  7 komodo dragons
  12 rime drakes (Lair:3)
  A kobold demonologist (D:11)
  7 polar bears
  A troll (D:9)
  4 hornets (Lair:6)
  A dream sheep (Lair:6)
  9 blink frogs
  A centaur simulacrum (D:11)
  2 wraiths
  A shadow (D:11)
  23 yaks
  12 spriggans (Lair:6)
  6 wyverns
  A basilisk (Lair:3)
  9 steam dragons
  3 vampire mosquitoes (D:8)
  An acid dragon (D:10)
  9 water moccasins
  3 orc warriors
  A swamp drake (Lair:4)
  A hornet zombie (D:9)
  2 sky beasts
  4 black bears
  An ice beast (D:6)
  A necrophage (D:5)
  3 boggarts (Lair:6)
  5 ogres
  13 wolves (Lair:6)
  6 centaurs
  3 phantoms
  A kobold brigand (D:9)
  11 bullfrogs
  A gnoll sergeant (D:9)
  2 scorpions
  9 wights
  6 killer bees (D:7)
  2 electric eels
  8 howler monkeys
  A bullfrog zombie (D:5)
  5 centaur zombies
  7 jellies
  3 hounds
  An orc priest (D:6)
  An iron imp (D:7)
  4 orc wizards
  6 iguanas
  3 howler monkey zombies
  11 gnolls
  A howler monkey skeleton (D:6)
  11 adders
  2 white imps
  A worm (D:3)
  2 dart slugs
  16 orcs
  3 ball pythons
  10 endoplasms
  2 giant cockroaches
  8 hobgoblins
  3 jackals (D:3)
  3 quokkas
  6 bats
  4 frilled lizards
  5 goblins
  6 kobolds
  5 rats
  A spectral orc (D:9)
356 creatures vanquished.

Vanquished Creatures (others)
  33 fungi
  13 plants
  4 toadstools (D:1)
50 creatures vanquished.

Grand Total: 406 creatures vanquished

Notes
Turn   | Place    | Note
-------+----------+-------------------------------------------
     0 | D:1      | speeev33 the Minotaur Berserker began the quest for the
                  | Orb.
     0 | D:1      | Reached XP level 1. HP: 19/19 MP: 0/0
   145 | D:1      | Reached XP level 2. HP: 27/27 MP: 1/1
   193 | D:1      | Reached skill level 4 in Fighting
   454 | D:1      | Reached ** piety under Trog
   637 | D:1      | Reached XP level 3. HP: 33/33 MP: 2/2
   884 | D:2      | Found a glowing silver altar of Zin.
  1003 | D:2      | Reached XP level 4. HP: 41/41 MP: 3/3
  2071 | D:4      | Reached skill level 5 in Polearms
  2071 | D:4      | Reached XP level 5. HP: 36/47 MP: 4/4
  2193 | D:4      | Noticed an ogre
  2195 | D:4      | Noticed an ogre
  2208 | D:4      | Killed an ogre
  2209 | D:4      | Reached skill level 5 in Fighting
  2217 | D:4      | Killed an ogre
  2218 | D:4      | Reached XP level 6. HP: 57/57 MP: 5/5
  2224 | D:4      | Reached *** piety under Trog
  2233 | D:4      | Reached skill level 6 in Fighting
  2450 | D:4      | Found Omumirgh's Assorted Antiques.
  2695 | D:4      | Found a staircase to the Ecumenical Temple.
  2867 | D:4      | Reached skill level 5 in Dodging
  2867 | D:4      | Reached XP level 7. HP: 64/64 MP: 6/6
  2992 | D:5      | Entered Level 5 of the Dungeon
  3014 | D:5      | Reached skill level 1 in Shields
  3179 | D:5      | Reached skill level 7 in Fighting
  3251 | D:5      | Reached XP level 8. HP: 61/73 MP: 7/7
  3420 | D:5      | Found an iron altar of Okawaru.
  3432 | D:5      | Found a glowing golden altar of the Shining One.
  3647 | D:5      | Found a glowing silver altar of Zin.
  3923 | D:6      | Reached skill level 8 in Fighting
  4027 | D:6      | Reached **** piety under Trog
  4363 | D:7      | Reached skill level 9 in Fighting
  4441 | D:7      | Reached XP level 9. HP: 59/83 MP: 8/8
  4649 | D:7      | Found a snail-covered altar of Cheibriados.
  4950 | D:7      | Reached skill level 5 in Armour
  4959 | D:7      | Found a broken altar of Ashenzari.
  4959 | D:7      | Found a shimmering blue altar of Sif Muna.
  5095 | D:8      | Noticed a deep elf pyromancer
  5211 | D:8      | Found a staircase to the Lair.
  5235 | D:8      | Reached skill level 10 in Polearms
  5248 | D:8      | Reached skill level 10 in Fighting
  5292 | D:8      | Killed a deep elf pyromancer
  5616 | D:8      | Reached XP level 10. HP: 94/94 MP: 9/9
  6140 | D:9      | Found a transporter.
  6343 | D:9      | Found a bloodstained altar of Trog.
  6358 | D:9      | Reached skill level 11 in Fighting
  6382 | D:9      | Found a one-way gate to the infinite horrors of the Abyss.
  6382 | D:9      | Noticed scisormetimb3rs's ghost (novice MiFi)
  6382 | D:9      | Noticed a hell hog
  6395 | D:9      | Noticed a toenail golem
  6395 | D:9      | Noticed a tentacled starspawn
  6459 | D:9      | Noticed a two-headed ogre
  6466 | D:9      | Killed a two-headed ogre
  6467 | D:9      | Noticed a gargoyle
  6484 | D:9      | Killed a gargoyle
  6499 | D:9      | Reached ***** piety under Trog
  6598 | D:9      | Reached skill level 12 in Fighting
  6883 | D:9      | Found a basalt altar of Yredelemnul.
  7035 | D:9      | Found a transporter.
  7182 | D:9      | Noticed an orange demon
  7193 | D:10     | Entered Level 10 of the Dungeon
  7374 | D:10     | Noticed a gargoyle
  7375 | D:10     | Found a hide-covered altar of Uskayaw.
  7378 | D:10     | Reached XP level 11. HP: 104/104 MP: 10/10
  7405 | D:10     | Found a blossoming altar of Fedhas.
  7494 | D:10     | Found an ornate altar of the Wu Jian Council.
  7512 | D:10     | Found a sacrificial altar of Ru.
  7918 | D:11     | Found Agamn's Distillery.
  7993 | D:11     | Noticed Fannar
  8006 | D:11     | Killed Fannar
  8006 | D:11     | Received a gift from Trog
  8240 | D:11     | Found a staircase to the Orcish Mines.
  8292 | D:11     | Reached skill level 10 in Armour
  8386 | D:11     | Noticed Harold
  8396 | D:11     | Killed Harold
  8613 | D:11     | Reached skill level 13 in Fighting
  8779 | Lair:1   | Entered Level 1 of the Lair of Beasts
  8844 | Lair:1   | Noticed TheBeaver's ghost (journeyman DrMo)
  8974 | Lair:1   | Found a transporter.
  8979 | Lair:1   | Found a transporter.
  9356 | Lair:1   | Noticed a fire dragon
  9385 | Lair:1   | Killed a fire dragon
  9417 | Lair:1   | Reached skill level 5 in Shields
  9425 | Lair:1   | Identified the +6 glaive "Jusmun" {vamp, rF- rCorr Int+4}
  9875 | Lair:2   | Noticed a boulder beetle
  9892 | Lair:2   | Killed a boulder beetle
 10095 | Lair:2   | Identified the +1 plate armour "Voczeite" {Harm rF+}
 10544 | Lair:3   | Reached XP level 12. HP: 107/116 MP: 11/11
 10603 | Lair:3   | Reached skill level 14 in Fighting
 11710 | Lair:3   | Reached skill level 15 in Fighting
 12541 | Lair:4   | Noticed a death yak
 12542 | Lair:4   | Noticed a death yak
 12542 | Lair:4   | Noticed a death yak
 12542 | Lair:4   | Noticed a death yak
 12546 | Lair:4   | Noticed a death yak
 12569 | Lair:4   | Killed a death yak
 12570 | Lair:4   | Reached skill level 10 in Shields
 12574 | Lair:4   | Noticed a death yak
 12583 | Lair:4   | Killed a death yak
 12584 | Lair:4   | Killed a death yak
 12594 | Lair:4   | Killed a death yak
 12610 | Lair:4   | Killed a death yak
 12615 | Lair:4   | Killed a death yak
 12616 | Lair:4   | Reached XP level 13. HP: 128/128 MP: 12/12
 12683 | Lair:4   | Reached skill level 16 in Fighting
 12764 | Lair:4   | Found a staircase to the Swamp.
 12829 | Lair:4   | Found a staircase to the Snake Pit.
 13411 | Lair:5   | Found a runed translucent door.
 13419 | Lair:5   | Noticed Vig Uhad's ghost (journeyman OpTm)
 13441 | Lair:5   | Killed Vig Uhad's ghost
 13836 | Lair:5   | Found a staircase to the Slime Pits.
 14096 | Lair:6   | Entered Level 6 of the Lair of Beasts
 14213 | Lair:6   | Received a gift from Trog
 14310 | Lair:6   | Identified the +2 helmet of the Undertaker {Rampage rN+
                  | Stlth+}
 14496 | Lair:6   | Reached skill level 17 in Fighting
 14704 | Lair:6   | Slain by a fire crab

Illustrated notes

Levels and vault maps discovered:
D:1:      ldierk_water_garden, layout_basic, serial_corexii_hall,
          corexii_hall_statues_u, corexii_hall_statues_u,
          corexii_hall_statues_s, corexii_hall_statues_x,
          corexii_hall_statues_i, chequers_hall_statues_y, minivault_23
D:2:      layout_rooms, basic_altar, st_stairs_6, serial_bayou_ford_a
D:3:      layout_loops_ring, chequers_avenue, corexii_hall_statues_x,
          hangedman_decor_push
D:4:      layout_basic, minmay_temple_entry_fiery, serial_shops,
          nicolae_square_shop, minmay_ruptured
D:5:      layout_loops_ring, zin_treasury, mainiacjoe_overflow_large_starburst
D:6:      layout_cave_pools
D:7:      layout_basic, slow_altar_1, gammafunk_temple_overflow_elements,
          dk_rats_in_the_wall
D:8:      layout_basic, lair_entry_dummy, hangedman_abyss_or_decor_clamps,
          amcnicky_mini_rare_corridor_liquid
D:9:      layout_cave_pools, yredelemnul_forgotten_temple_becter, trog_book,
          gammafunk_ghost_abyssal_escape, minivault_14
D:10:     layout_basic, mainiacjoe_overflow_catwalk_spiral,
          mainiacjoe_overflow_swirl
D:11:     layout_long_grid, orc_0_dummy, serial_shops, nicolae_shop_stone,
          uniq_harold, uniq_fannar
Lair:1:   dragon1_lemuel, layout_big_grid, gammafunk_ghost_hive, st_stairs_3
Lair:2:   layout_chaotic_city, grunt_megastairs_5, lemuel_fruit_fields
Lair:3:   layout_chaotic_city, bobbens_dragon_lair_wall
Lair:4:   layout_loops_ring, minmay_swamp_entry_reptiles, dummy_snake_entry
Lair:5:   layout_loops_ring, nicolae_slime_entry_slimehenge,
          ebering_ghost_inner_flame
Lair:6:   minmay_lair_end_enchanted_forest, layout_gridlike

Skill      XL: |  1  2  3  4  5  6  7  8  9 10 11 12 13 |
---------------+----------------------------------------+-----
Fighting       | 4 5 6 7 9 10 12 13 15 17 | 17.3
Polearms       | 4 5 6 7 9 10 12 13 14 | 14.0
Dodging        | 3 4 5 |  5.2
Shields        | 3 4 6 10 13 | 13.1
Armour         | 3 6 9 10 | 10.0

Action                   |  1- 3 |  4- 6 |  7- 9 | 10-12 | 13-15 || total
-------------------------+-------+-------+-------+-------+-------++-------
Melee: Spear             |    66 |   123 |       |       |       ||   189
       Headbutt          |     8 |    23 |    60 |   131 |    69 ||   291
       Trident           |       |     3 |   310 |   465 |   268 ||  1046
Invok: Berserk           |       |     1 |       |     2 |       ||     3
       Brothers in Arms  |       |       |       |     2 |       ||     2
  Use: Scroll            |     5 |     5 |     6 |     9 |     2 ||    27
       Potion            |       |       |       |     1 |       ||     1
 Stab: Sleeping          |     1 |       |       |       |       ||     1
Armor: Animal skin       |     4 |       |       |       |       ||     4
       Ring mail         |     3 |     1 |       |       |       ||     4
       Plate armour      |       |    33 |    88 |   112 |    49 ||   282
Dodge: Dodged            |    19 |    46 |   124 |   136 |    55 ||   380
Block: Buckler           |       |       |    42 |    29 |       ||    71
       Kite shield       |       |       |       |   134 |   168 ||   302
       Reflection        |       |       |       |     9 |       ||     9
